 Dungeon Crawl Stone Soup version 0.27.1-37-g7b29ead8ac (webtiles) character file.

Game seed: 6177385368345664059

43861 cbfl8 the Cleaver (level 13, -4/116 HPs)
             Began as a Minotaur Fighter on May 1, 2023.
             Was a High Priest of Yredelemnul.
             Slain by an eight-headed hydra (11 damage)
             ... on level 15 of the Dungeon.
             The game lasted 00:38:52 (26049 turns).

cbfl8 the Cleaver (Minotaur Fighter)               Turns: 26049, Time: 00:38:54

Health: -4/116     AC: 22    Str: 25    XL:     13   Next: 93%
Magic:  18/18      EV:  8    Int: 15    God:    Yredelemnul [*****.]
Gold:   977        SH: 19    Dex: 18    Spells: 12/12 levels left

rFire    . . .     SeeInvis .   E - +5 war axe of Indomitability {flame, Int+4 Dex+2}
rCold    . . .     Faith    +   l - +0 tower shield
rNeg     . . .     Spirit   .   S - +3 plate armour
rPois    +         Reflect  .   (helmet restricted)
rElec    .         Harm     .   (no cloak)
rCorr    +         Rampage  .   z - +1 pair of gloves
Will     +....                  J - +0 pair of boots
Stlth    ..........             m - amulet of faith
HPRegen  0.29/turn              I - ring of Keameut {rPois Will+ Int+6}
MPRegen  0.16/turn              N - ring of Ycykete {rCorr Str+5}

@: no status effects
A: horns 2, retaliatory headbutt, subdued magic 1
a: Renounce Religion, Recall Undead Slaves, Injury Mirror, Animate Dead, Drain
Life, Enslave Soul


You were on level 15 of the Dungeon.
You worshipped Yredelemnul.
Yredelemnul was extremely pleased with you.
You visited 1 branch of the dungeon, and saw 15 of its levels.
You visited the Abyss 1 time.
You also visited: Sewer.

You collected 1105 gold pieces.
You spent 128 gold pieces at shops.

Inventory:

Hand Weapons
 E - the +5 war axe of Indomitability (weapon) {flame, Int+4 Dex+2}
   (You found it on level 9 of the Dungeon)

   It burns those it strikes, dealing additional fire damage.
   Big, fiery blades are also staple armaments of hydra-hunters.
   Int:       It affects your intelligence (+4).
   Dex:       It affects your dexterity (+2).
 L - a +1 vorpal broad axe
Missiles
 H - 2 throwing nets
Armour
 l - a +0 tower shield (worn)
 z - a +1 pair of gloves (worn)
 J - a +0 pair of boots (worn)
 S - a +3 plate armour (worn)
Jewellery
 i - a ring of protection from cold
 m - an amulet of faith (around neck)
 s - a ring of fire
 I - the ring of Keameut (left hand) {rPois Will+ Int+6}
   (You took it off a centaur on level 10 of the Dungeon)

   [ring of intelligence]

   Int:       It affects your intelligence (+6).
   rPois:     It protects you from poison.
   Will:      It increases your willpower.
 N - the ring of Ycykete (right hand) {rCorr Str+5}
   (You took it off a deep elf pyromancer on level 11 of the Dungeon)

   [ring of resist corrosion]

   Str:       It affects your strength (+5).
   rCorr:     It protects you from acid and corrosion.
Wands
 c - a wand of flame (20) (quivered)
 F - a wand of polymorph (14)
Scrolls
 a - 2 scrolls of acquirement {unknown}
 b - 2 scrolls of torment {unknown}
 f - 3 scrolls of fog
 g - 3 scrolls of fear
 j - 3 scrolls of noise
 k - 5 scrolls of magic mapping
 n - 3 scrolls of enchant armour
 r - a scroll of amnesia {unknown}
 t - 2 scrolls of teleportation
 u - 3 scrolls of blinking
 A - a scroll of silence
 B - 3 scrolls of enchant weapon
 P - a scroll of brand weapon {unknown}
Potions
 e - 2 potions of flight
 o - 4 potions of brilliance
 v - 2 potions of cancellation {unknown}
 x - 2 potions of curing
 C - 4 potions of attraction {unknown}
 G - 4 potions of haste
 K - a potion of degeneration {unknown}
 M - a potion of magic {unknown}
 O - 4 potions of lignification {unknown}
Miscellaneous
 h - a lightning rod (4/4)
 p - a condenser vane


   Skills:
 * Level 11.2 Fighting
 + Level 12.0 Axes
 + Level 11.2 Armour
 + Level 7.0 Dodging
 + Level 5.6 Stealth
 + Level 11.1 Shields
 * Level 9.1 Invocations
 * Level 9.6 Evocations


You had 12 spell levels left.
You didn't know any spells.
Your spell library contained the following spells:

 Spells                   Type           Power      Damage    Failure   Level
 Sandblast                Erth           0%         2d4       100%        1
 Corpse Rot               Necr/Air       N/A        N/A       100%        2
 Ensorcelled Hibernation  Hex/Ice        0%         N/A       100%        2
 Passwall                 Tmut/Erth      0%         N/A       100%        2
 Slow                     Hex            0%         N/A       100%        2
 Spider Form              Tmut/Pois      0%         N/A       100%        3
 Tukima's Dance           Hex            0%         N/A       100%        3
 Fulminant Prism          Conj/Hex       0%         3d6       100%        4
 Hailstorm                Conj/Ice       0%         3d3       100%        4
 Ice Form                 Ice/Tmut       0%         N/A       100%        4
 Iskenderun's Mystic Bla  Conj/Tloc      0%         2d3       100%        4
 Summon Lightning Spire   Summ/Air       0%         N/A       100%        4
 Lee's Rapid Deconstruct  Erth           0%         3d5*      100%        5
 Yara's Violent Unravell  Hex/Tmut       0%         3d3       100%        5
 Shadow Creatures         Summ           N/A        N/A       100%        6
 Simulacrum               Ice/Necr       0%         N/A       100%        6


Dungeon Overview and Level Annotations

Branches:
Dungeon (15/15)            Temple (0/1) D:6            Lair (0/6) D:10
    Orc (0/2) D:12         Vaults (0/5) D:13         Depths (0/5) D:15
  Sewer (visited)

Altars:
Elyvilon
Fedhas
Hepliaklqana
Kikubaaqudgha
Okawaru
Qazlal
Ru
Vehumet
Xom
Yredelemnul
The Shining One
Beogh

Shops:
D:11 *

Portals:
Trove: D:15 (give 16 scrolls of teleportation)


Innate Abilities, Weirdness & Mutations

You have a pair of horns on your head.
You reflexively headbutt those who attack you in melee.
Your spells are a little easier to cast, but a little less powerful.


Message History

Press: ? - help, Q - select action, (/) - cycle Shift-Dir - straight line, f - eight-headed hydra
Aim: an eight-headed hydra (lightly wounded, 92% to hit)
The puff of flame hits the eight-headed hydra.
The eight-headed hydra is moderately wounded.
You block the salamander's attack. The eight-headed hydra misses you.
The eight-headed hydra bites you but does no damage.
You block the eight-headed hydra's attack.
The eight-headed hydra bites you.
* * * LOW HITPOINT WARNING * * *
The eight-headed hydra bites you.
* * * LOW HITPOINT WARNING * * *
The eight-headed hydra barely misses you.
You block the eight-headed hydra's attack. x2
The snapping turtle bites you from afar!
* * * LOW HITPOINT WARNING * * *
Aiming: Throw Flame
Press: ? - help, Q - select action, (/) - cycle Shift-Dir - straight line, f - salamander, p - eight-headed hydra
Aim: a salamander, wielding a +0 trident (severely wounded, ally target, 85% to hit)
The puff of flame hits the salamander.
The salamander completely resists.
The salamander is severely wounded.
The snapping turtle changes into an eye of devastation!
Your skeletal warrior closely misses the salamander.
You block the salamander's attack.
Your yaktaur zombie hits the eight-headed hydra!
The eight-headed hydra bites you!
* * * LOW HITPOINT WARNING * * *
The eight-headed hydra bites you.
* * * LOW HITPOINT WARNING * * *
You block the eight-headed hydra's attack. x2
The eight-headed hydra bites you but does no damage. x3
The eight-headed hydra completely misses you.
You swap places.
Your skeletal warrior hits the salamander with a +0 war axe!!
The salamander dies!
Yredelemnul accepts your kill.
You block the eight-headed hydra's attack. x2
The eight-headed hydra bites you but does no damage.
The eight-headed hydra bites you!
You die...
Your body rises from the dead as a mindless zombie. #...#.#..,,,,,,,**,* #.# #.###Z####*****,*,,* #.# #.# #Z# *,*,** #.# #.# #.# *,*,* #(##### #.###.# *,*,* #.Z.Z.. #.Zz..# *,*,###### #ZZZZZ.

#.Z#### ##*#####Z...# ##z####
#.z#######*#..#z≈Z.Z≈..# #.# #
#Z........,#..)Z@Z#....#####Z####
Z........#*####D####.#.Z.ZZZZ....
......##.#*** #G.,#..####.##.####
##.#.###○○.,* #.≈.#.≈# #.##.# #
#)#.##°..##**#......# #.##.# #
#.#.#..°°.##*>####.## #.##.####
#.#.°.⌠°°○.#*#* #..* #.##.....
#.....°°...#######..####.######.
####°°°☼.......W.####....# ##.


You could see an eight-headed hydra (ally target), an eye of devastation shaped
shifter, a friendly skeletal warrior, a friendly centaur zombie, 2 friendly
yaktaur zombies, a friendly very ugly thing skeleton and a friendly wizard
skeleton.

Vanquished Creatures
  A tentacled starspawn (Abyss:2)
  2 very ugly things
  A rakshasa (Abyss:2)
  A boulder beetle (D:13)
  2 hydras (D:13)
  4 centaur warriors
  3 two-headed ogres (D:11)
  A tengu warrior (D:11)
  2 large abominations (Abyss:2)
  A wretched star (Abyss:2)
  2 starcursed masses (Abyss:2)
  2 wizards
  A deep elf pyromancer (D:11)
  An orc knight (D:11)
  2 ugly things
  6 cyclopes
  2 manticores
  A worldbinder (Abyss:2)
  5 gargoyles
  2 smoke demons (Abyss:2)
  3 freezing wraiths
  An efreet (D:15)
  4 yaktaurs
  2 tengu conjurers (D:11)
  2 trolls
  5 slime creatures (D:11)
  Grinder (D:6)
  A vampire (D:11)
  2 ynoxinuls (Abyss:2)
  4 yaks (D:11)
  2 wraiths
  A steam dragon (D:8)
  A chaos spawn (Abyss:2)
  12 vampire mosquitoes
  2 acid dragons (D:12)
  2 water moccasins
  13 orc warriors
  An ice beast (D:8)
  A sky beast (D:6)
  A necrophage (D:4)
  3 ogres
  14 centaurs
  2 phantoms
  3 kobold brigands
  4 scorpions
  2 small abominations (Abyss:2)
  7 killer bees
  2 wights
  2 howler monkeys
  2 centaur skeletons (D:5)
  A jelly (D:6)
  2 gnoll shamans
  3 hounds
  4 centaur zombies
  8 orc priests
  5 iguanas
  6 orc wizards
  A killer bee zombie (D:3)
  9 gnolls
  4 adders
  A howler monkey skeleton (D:5)
  A river rat (D:4)
  5 ufetubi
  2 worms (D:2)
  3 dart slugs
  34 orcs
  2 endoplasms
  A giant cockroach (D:1)
  5 goblins
  11 hobgoblins
  A jackal (Sewer)
  6 quokkas
  10 ball pythons
  5 bats
  3 frilled lizards
  11 kobolds
  16 rats
  A starspawn tentacle (Abyss:2)
305 creatures vanquished.

Vanquished Creatures (collateral kills)
  A very ugly thing (Abyss:2)
  2 yaktaur captains
  A boulder beetle (D:13)
  3 two-headed ogres
  5 centaur warriors
  A tengu warrior (D:13)
  Pikel (D:6)
  A wolf spider (D:15)
  A deep elf zephyrmancer (D:14)
  A deep elf pyromancer (D:14)
  A salamander (D:15)
  A cyclops (D:15)
  A manticore (D:14)
  2 gargoyles
  A yaktaur (D:13)
  3 trolls
  2 wraiths
  3 yaks (D:9)
  A neqoxec (Abyss:2)
  A vampire mosquito (D:11)
  An acid dragon (D:13)
  A water moccasin (D:7)
  A sky beast (D:7)
  A black bear (D:8)
  3 centaurs
  2 lemures (D:6)
  3 kobold brigands
  3 bullfrogs
  A gnoll sergeant (D:8)
  2 killer bees (D:11)
  5 wights
  4 crimson imps (D:7)
  2 centaur zombies
  3 orc priests
  A gnoll shaman (D:8)
  4 orc wizards
  12 gnolls
  4 orcs
  4 kobolds
90 creatures vanquished.

Vanquished Creatures (others)
  A boulder beetle (D:15)
  A flayed ghost (Abyss:2)
  2 flying skulls (D:10)
  2 wraiths
  2 vampires (D:11)
  3 wights
  An ugly thing skeleton (D:15)
  A mummy (D:10)
  A manticore zombie (D:14)
  6 vampire mosquito zombies
  4 centaur zombies
  2 cyclops zombies
  A tengu zombie (D:11)
  A troll zombie (D:6)
  A gnoll skeleton (D:8)
  A gnoll zombie (D:8)
  A human skeleton (D:10)
  3 kobold zombies (D:8)
  3 orc skeletons
  6 orc zombies
  3 plants (D:10)
  3 starspawn tentacles (Abyss:2)
  A withered plant (D:3)
50 creatures vanquished.

Grand Total: 445 creatures vanquished

Notes
Turn   | Place    | Note
-------+----------+-------------------------------------------
     0 | D:1      | cbfl8 the Minotaur Fighter began the quest for the Orb.
     0 | D:1      | Reached XP level 1. HP: 19/19 MP: 0/0
   328 | D:1      | Reached XP level 2. HP: 25/27 MP: 1/1
   823 | D:2      | Reached skill level 3 in Axes
   823 | D:2      | Reached XP level 3. HP: 31/33 MP: 2/2
   878 | D:2      | Found a radiant altar of Vehumet.
   886 | D:2      | Noticed a great orb of eyes
   909 | D:2      | Found a faded altar of an unknown god.
   911 | D:2      | Noticed a floating eye
  1022 | D:2      | Reached skill level 1 in Evocations
  1275 | D:2      | Noticed a floating eye
  1279 | D:2      | Noticed a golden eye
  2099 | D:3      | Reached XP level 4. HP: 38/40 MP: 3/3
  2396 | D:3      | Found a basalt altar of Yredelemnul.
  2407 | D:3      | Became a worshipper of Yredelemnul the Dark
  2835 | D:4      | Noticed a necrophage
  2840 | D:4      | Noticed a phantom
  2857 | D:4      | Killed a necrophage
  2858 | D:4      | Reached skill level 4 in Axes
  2858 | D:4      | Reached skill level 1 in Invocations
  2858 | D:4      | Reached XP level 5. HP: 8/46 MP: 4/4
  2863 | D:4      | Killed a phantom
  2867 | D:4      | Reached XP level 6. HP: 9/52 MP: 4/6
  3029 | D:4      | Reached skill level 1 in Dodging
  3077 | D:4      | Identified the +3 whip "Bufeuhe" {flame, rElec Str-2 Int+5}
  3188 | D:4      | Reached skill level 5 in Shields
  3276 | D:4      | Reached * piety under Yredelemnul
  3295 | D:4      | Found a glowing drain.
  3308 | Sewer    | Entered a sewer
  3705 | Sewer    | Reached XP level 7. HP: 57/60 MP: 7/7
  3740 | Sewer    | Found a white marble altar of Elyvilon.
  4044 | D:5      | Entered Level 5 of the Dungeon
  4190 | D:5      | Reached skill level 5 in Axes
  4190 | D:5      | Reached skill level 5 in Armour
  4455 | D:5      | Reached ** piety under Yredelemnul
  4497 | D:5      | Reached skill level 5 in Fighting
  4513 | D:5      | Reached skill level 1 in Stealth
  4518 | D:5      | Reached XP level 8. HP: 19/68 MP: 9/9
  5415 | D:6      | Noticed Grinder
  5432 | D:6      | Killed Grinder
  6133 | D:6      | Reached skill level 6 in Axes
  6482 | D:6      | Found a staircase to the Ecumenical Temple.
  6497 | D:6      | Reached *** piety under Yredelemnul
  6726 | D:6      | Noticed a troll
  6730 | D:6      | Killed a troll
  6731 | D:6      | Reached XP level 9. HP: 51/75 MP: 11/11
  7148 | D:7      | Noticed Pikel
  7186 | D:6      | Killed Pikel
  7436 | D:7      | Received a gift from Yredelemnul (2 flying skulls)
  7760 | D:7      | Found a shimmering altar of Xom.
  7770 | D:7      | Reached skill level 7 in Axes
  8881 | D:8      | Found a stormy altar of Qazlal.
  8907 | D:8      | Reached **** piety under Yredelemnul
  8908 | D:8      | Received a gift from Yredelemnul (a wight)
  8971 | D:8      | Found a blossoming altar of Fedhas.
  9270 | D:8      | Found a sacrificial altar of Ru.
  9518 | D:8      | Found a white marble altar of Elyvilon.
  9807 | D:9      | Received a gift from Yredelemnul (a mummy)
 10270 | D:9      | Found a hazy altar of Hepliaklqana.
 10274 | D:9      | Reached XP level 10. HP: 59/84 MP: 12/12
 10276 | D:9      | Reached skill level 5 in Invocations
 10461 | D:9      | Identified the +5 war axe of Indomitability {flame, Int+4
                  | Dex+2}
 10620 | D:9      | Noticed a two-headed ogre
 10628 | D:9      | HP: 3/86 [two-headed ogre (14)]
 10629 | D:9      | Killed a two-headed ogre
 10630 | D:9      | Reached skill level 5 in Dodging
 10630 | D:9      | Reached skill level 5 in Evocations
 10900 | D:9      | Received a gift from Yredelemnul (a wraith)
 11433 | D:10     | Entered Level 10 of the Dungeon
 11629 | D:10     | Noticed a cyclops
 11637 | D:10     | Killed a cyclops
 11638 | D:10     | Reached skill level 8 in Axes
 11720 | D:10     | Noticed a yaktaur captain
 11735 | D:10     | Killed a yaktaur captain
 11736 | D:10     | Noticed a gargoyle
 11745 | D:10     | Killed a gargoyle
 11749 | D:10     | Noticed a centaur warrior
 11769 | D:10     | Killed a centaur warrior
 12083 | D:10     | Noticed a gargoyle
 12088 | D:10     | Killed a gargoyle
 12088 | D:10     | Received a gift from Yredelemnul (a wight)
 12089 | D:10     | Found a staircase to the Lair.
 12504 | D:10     | Identified the ring of Keameut {rPois Will+ Int+6}
 13323 | D:11     | Reached XP level 11. HP: 94/94 MP: 14/14
 13369 | D:11     | Received a gift from Yredelemnul (a vampire)
 13373 | D:11     | Reached skill level 9 in Axes
 13695 | D:11     | Noticed a white ugly thing
 13700 | D:11     | Noticed a tengu warrior
 14159 | D:11     | Found Oquq's Assorted Antiques.
 14163 | D:11     | Bought a potion of might for 128 gold pieces
 14188 | D:11     | Reached skill level 5 in Stealth
 14736 | D:11     | Noticed a centaur warrior
 14743 | D:11     | Killed a centaur warrior
 14903 | D:11     | Killed a white ugly thing
 15033 | D:11     | Received a gift from Yredelemnul (a vampire)
 15067 | D:11     | Reached ***** piety under Yredelemnul
 15086 | D:11     | Identified the ring of Ycykete {rCorr Str+5}
 15086 | D:11     | Noticed a deep elf pyromancer
 15097 | D:11     | Killed a deep elf pyromancer
 15153 | D:11     | Killed a tengu warrior
 15153 | D:11     | Received a gift from Yredelemnul (a wight)
 15153 | D:11     | Noticed a two-headed ogre
 15162 | D:11     | Killed a two-headed ogre
 15165 | D:11     | Reached skill level 10 in Axes
 15274 | D:11     | Noticed an orc knight
 15281 | D:11     | Killed an orc knight
 15329 | D:11     | Reached XP level 12. HP: 72/104 MP: 16/16
 15334 | D:11     | Found a radiant altar of Vehumet.
 15334 | D:11     | Found an ancient bone altar of Kikubaaqudgha.
 15338 | D:11     | Received a gift from Yredelemnul (a skeletal warrior)
 15339 | D:11     | Found a glowing golden altar of the Shining One.
 15339 | D:11     | Found an iron altar of Okawaru.
 15364 | D:11     | Noticed a two-headed ogre
 15369 | D:11     | Killed a two-headed ogre
 15778 | D:11     | Noticed a two-headed ogre
 15792 | D:11     | Killed a two-headed ogre
 16271 | D:11     | Noticed a two-headed ogre
 16277 | D:11     | Killed a two-headed ogre
 17820 | D:12     | Found a staircase to the Orcish Mines.
 18837 | D:12     | You fall into a shaft and drop 3 floors!
 18837 | D:15     | Entered Level 15 of the Dungeon
 18900 | D:15     | Killed a boulder beetle
 19130 | D:13     | Noticed a centaur warrior
 19131 | D:13     | Noticed a seven-headed hydra
 19139 | D:13     | Killed a centaur warrior
 19140 | D:13     | Killed a seven-headed hydra
 19464 | D:13     | Noticed a tengu warrior
 19467 | D:13     | Noticed a boulder beetle
 19471 | D:13     | Killed a tengu warrior
 19472 | D:13     | Noticed a boulder beetle
 19476 | D:13     | Killed a boulder beetle
 19477 | D:13     | Reached skill level 10 in Fighting
 19486 | D:13     | Killed a boulder beetle
 19487 | D:13     | Reached skill level 10 in Armour
 19791 | D:13     | Noticed a two-headed ogre
 19798 | D:13     | Killed a two-headed ogre
 19944 | D:13     | Noticed a four-headed hydra
 19952 | D:13     | Killed a one-headed hydra
 19953 | D:13     | Reached skill level 10 in Shields
 20816 | D:13     | Noticed a yaktaur captain
 20824 | D:13     | Killed a yaktaur captain
 20861 | D:13     | Found a gate to the Vaults.
 21891 | D:14     | Noticed a centaur warrior
 21900 | D:14     | Killed a centaur warrior
 21901 | D:14     | Reached skill level 11 in Axes
 22336 | D:14     | Received a gift from Yredelemnul (a wraith)
 22336 | D:14     | Reached XP level 13. HP: 113/113 MP: 18/18
 22378 | D:14     | Got Ts'ui Pên's Tome of Forking Paths
 22389 | D:14     | Got the Catalogue of Plaster Cramp
 24074 | D:14     | Got the Incunabulum of Combed Thunderclap
 24662 | D:15     | Found a portal to a secret trove of treasure.
 24665 | D:15     | Cast into level 2 of the Abyss (a wizard)
 24702 | Abyss:2  | Identified the +5 dagger of Jiramo {drain, *Slow rElec
                  | Will++ Int+2}
 24770 | Abyss:2  | Noticed a starcursed mass
 24772 | Abyss:2  | Noticed a starcursed mass
 24889 | Abyss:2  | Found a corrupted altar of Lugonu.
 24902 | Abyss:2  | Noticed a tentacled starspawn
 24907 | Abyss:2  | Killed a tentacled starspawn
 25038 | Abyss:2  | Noticed a starcursed mass
 25102 | Abyss:2  | Received a gift from Yredelemnul (a flayed ghost)
 25104 | Abyss:2  | Gained mutation: Your spells are a little easier to cast,
                  | but a little less powerful. [a neqoxec]
 25149 | Abyss:2  | Noticed a red very ugly thing
 25150 | Abyss:2  | Noticed a red very ugly thing
 25151 | Abyss:2  | Noticed a red very ugly thing
 25158 | Abyss:2  | Killed a red very ugly thing
 25162 | Abyss:2  | Killed a white very ugly thing
 25165 | D:15     | Escaped the Abyss
 25170 | D:15     | Killed a red very ugly thing
 25875 | D:15     | Reached skill level 12 in Axes
 26036 | D:15     | Found a staircase to the Depths.
 26049 | D:15     | Slain by an eight-headed hydra

Illustrated notes

Levels and vault maps discovered:
D:1:      dpeg_arrival_rhombus, layout_loops_ring, st_stairs_14
D:2:      layout_basic, hellmonk_ecumenical_altar_watching_god, basic_altar
D:3:      layout_loops_cross, yredelemnul_altar_generic, hex_large,
          minmay_tree_intersection, hangedman_decor_clover_reticule,
          minivault_23, chequers_serial_rivers_micro_b,
          nicolae_underground_beach
D:4:      layout_rooms, gup_sewer_entry_bubbles, minmay_misc_feat_x
D:5:      layout_gridville, minmay_statues_item, minmay_hedge_maze,
          minmay_between
D:6:      layout_basic, minmay_temple_entry_steel_oval, serial_corexii_hall,
          chequers_hall_statues_wall_a, chequers_hall_statues_y,
          corexii_hall_statues_x, uniq_grinder
D:7:      layout_loops_cross, led_xom_imps, item_on_display_a, uniq_pikel
D:8:      layout_rooms, amcnicky_altar_gilded, mainiacjoe_overflow_swirl,
          nicolae_qazlal_style_of_elements, minmay_holes
D:9:      layout_irregular_city, nicolae_overflow_hidden_temple,
          chequers_serial_rivers_room_a, abandoned_shop,
          hangedman_abyss_or_decor_stagger
D:10:     nzn_winding_woodlands_small [nzn_winding_woodlands_5x15_twine,
          nzn_winding_woodlands_center_diamonds,
          nzn_winding_woodlands_5x15_pathside_ponds], layout_basic,
          lair_entry_dummy, grunt_ogre_cave, palyth_stone_intersect
D:11:     minmay_the_grid_octo_tiled_squarecenter_mashed
          [minmay_the_grid_octo_clover_2, minmay_the_grid_octo_chip,
          minmay_the_grid_octo_focus, minmay_the_grid_octo_shrine,
          minmay_the_grid_square_5x5_megaprize_crossed,
          minmay_the_grid_square_5x5_two_small,
          minmay_the_grid_square_5x5_percent, minmay_the_grid_square_5x5_v,
          minmay_the_grid_square_5x5_hourglass], layout_gridville, serial_shops,
          nicolae_shop_crystal
D:12:     layout_layer_cave, david_orc_1_choice
D:13:     layout_stronghold, david_vaults_2
D:14:     layout_loops_corners, kennysheep_small_spiral, special_room
          [special_room_orc], bh_hangedman_babel_library
D:15:     hangedman_depths_entry_try_elsewhere_first, layout_loops_ring,
          nicolae_trove_entry_isolated, minmay_misc_feat_enclosed,
          lemuel_nasty_fountain

Skill      XL: |  1  2  3  4  5  6  7  8  9 10 11 12 13 |
---------------+----------------------------------------+-----
Armour         | 4 5 6 7 8 10 11 | 11.2
Axes           | 3 4 5 6 7 8 10 11 12 | 12.0
Shields        | 4 5 6 7 8 9 10 11 | 11.1
Evocations     | 1 2 3 4 5 7 8 9 |  9.6
Fighting       | 4 5 6 7 9 10 11 | 11.2
Invocations    | 1 2 3 4 5 6 8 9 |  9.1
Dodging        | 1 2 3 4 6 7 |  7.0
Stealth        | 1 2 3 4 5 |  5.6

Action                   |  1- 3 |  4- 6 |  7- 9 | 10-12 | 13-15 || total
-------------------------+-------+-------+-------+-------+-------++-------
Melee: War axe           |   100 |   105 |   244 |   166 |   143 ||   758
       Headbutt          |    11 |    17 |    62 |    79 |    39 ||   208
       Broad axe         |       |       |       |   113 |       ||   113
Invok: Animate Remains   |       |       |     7 |       |       ||     7
       Animate Dead      |       |       |    13 |    28 |     9 ||    50
       Recall Undead Sla |       |       |     2 |     3 |     2 ||     7
       Enslave Soul      |       |       |       |     1 |       ||     1
Evoke: Wand              |       |    13 |    15 |    53 |    38 ||   119
  Use: Potion            |       |     4 |     3 |     5 |     5 ||    17
       Scroll            |       |       |     9 |     4 |     1 ||    14
 Stab: Distracted        |       |       |     1 |     5 |     2 ||     8
       Paralysed         |       |       |       |     7 |       ||     7
Armor: Scale mail        |    46 |    34 |    85 |       |       ||   165
       Chain mail        |       |       |    39 |   169 |       ||   208
       Plate armour      |       |       |       |     9 |   121 ||   130
Dodge: Dodged            |    23 |    26 |    69 |    98 |    56 ||   272
Block: Kite shield       |    48 |       |       |       |       ||    48
       Tower shield      |    19 |   118 |   301 |   407 |   219 ||  1064
